 Dungeon Crawl Stone Soup version 0.30-a0-924-g0ad0bf95bc (webtiles) character file.

Game seed: 17879954629421163636

3489 jlumianski the Chopper (level 9, -12/68 HPs)
             Began as a Demonspawn Fighter on Mar 22, 2023.
             Mangled by an orc warrior
             ... wielding a +0 halberd
              (16 damage)
             ... in a bailey.
             The game lasted 00:22:33 (4611 turns).

jlumianski the Chopper (Demonspawn Fighter)         Turns: 4611, Time: 00:22:34

Health: -12/68     AC: 12    Str: 25    XL:     9   Next: 80%
Magic:  9/9        EV:  5    Int: 14    God:
Gold:   305        SH:  9    Dex: 12    Spells: 8/8 levels left

rFire   . . .      SeeInvis .    C - +4 broad axe (freeze)
rCold   . . .      Faith    .    g - +0 kite shield
rNeg    . . .      Spirit   .    D - +0 plate armour
rPois   .          Reflect  .    (no helmet)
rElec   .          Rampage  .    (no cloak)
rCorr   .                        (no gloves)
Will    .....                    (no boots) Stlth
                                 B - amulet of regeneration
HPRegen 1.11/turn                u - +6 ring of strength
MPRegen 0.11/turn                (no ring)

@: no status effects
A: hooves 2, spiny 2, clever 1, wild magic 1
a: no special abilities


You were in a bailey.
You visited 1 branch of the dungeon, and saw 8 of its levels.
You also visited: Bailey.

You collected 375 gold pieces.
You spent 70 gold pieces at shops.

Inventory:

Hand Weapons
 a - a +0 war axe
 d - the +6 rapier of Big Damage {spect, Str+5 Dex-3}
   (You found it on level 8 of the Dungeon)

   Str:       It affects your strength (+5).
   Dex:       It affects your dexterity (-3).
 m - the +10 sling of Integrity {drain, Stlth+}
   (You found it on level 2 of the Dungeon)

   Stlth:     It makes you more stealthy.
 w - a +1 whip of venom
 C - a +4 broad axe of freezing (weapon)
 E - a +2 spear of pain
 G - the +10 hand axe of Responsibility {freeze, rCorr Str+2}
   (You found it on level 5 of the Dungeon)

   Str:       It affects your strength (+2).
   rCorr:     It protects you from acid and corrosion.
Missiles
 l - 88 stones
 p - 6 javelins (quivered)
 r - 3 boomerangs
 v - 10 poisoned darts
Armour
 b - a +0 scale mail
 c - a +0 buckler
 e - a +0 hat
 g - a +0 kite shield (worn)
 A - a +1 pair of boots
 D - a +0 plate armour (worn)
Jewellery
 s - an amulet of guardian spirit
 u - a +6 ring of strength (left hand)
 B - an amulet of regeneration (around neck)
Wands
 F - a wand of mindburst (16)
Scrolls
 j - a scroll of enchant armour
 k - 2 scrolls of silence
 n - 5 scrolls of teleportation
 o - a scroll of summoning
 y - a scroll of noise
 J - 2 scrolls of identify
Potions
 f - a potion of heal wounds
 h - 3 potions of curing
 i - 3 potions of mutation
 q - a potion of attraction
 t - 3 potions of degeneration
 x - a potion of lignification
 z - a potion of flight
 H - a potion of cancellation


   Skills:
 + Level 5.6 Fighting
 * Level 7.8 Axes
 + Level 6.2 Ranged Weapons
 + Level 0.7 Throwing
 + Level 6.0 Armour
 + Level 1.1 Dodging
 - Level 1.0 Stealth
 + Level 4.5 Shields


You had 8 spell levels left.
You didn't know any spells.
Your spell library contained the following spells:

 Spells                   Type           Power      Damage    Failure   Level
 Freeze                   Ice            0%         1d3       100%        1
 Sandblast                Erth           0%         2d4       100%        1
 Lesser Beckoning         Tloc           0%         N/A       100%        2
 Passwall                 Tmut/Erth      0%         N/A       100%        2
 Frozen Ramparts          Ice            0%         1d1       100%        3
 Gell's Gravitas          Tloc           0%         N/A       100%        3
 Hailstorm                Conj/Ice       0%         3d3       100%        3
 Stone Arrow              Conj/Erth      0%         3d7       100%        3
 Teleport Other           Tloc           0%         N/A       100%        3
 Fireball                 Conj/Fire      0%         3d3       100%        5
 Iskenderun's Battlesphe  Conj           0%         2d6       100%        5
 Conjure Ball Lightning   Conj/Air       0%         3x3d6     100%        6
 Iron Shot                Conj/Erth      0%         9d1       100%        6
 Orb of Destruction       Conj           0%         9d5       100%        7
 Spellforged Servitor     Conj/Summ      0%         N/A       100%        7


Dungeon Overview and Level Annotations

Branches:
Dungeon (8/15)             Bailey (1/1)
 Temple: D:4-7         Lair: D:8-11

Altars:
Fedhas

Shops:
D:2 ?   D:4 *


Innate Abilities, Weirdness & Mutations

You have hoof-like feet.
You are mostly covered in sharp spines.
Your mind is acute. (Int +4, Str/Dex -1)
Your spells are a little harder to cast, but a little more powerful.


Message History

a +0 halberd; a +0 ring mail; an orc corpse
Things that are here:
a +0 halberd; a +0 scale mail
Okay, then.
Okay, then.
Things that are here:
a +0 halberd; a +0 ring mail; an orc corpse An orc warrior comes into view.
It is wielding a +0 halberd.
There is a large open door here.
Found 35 gold pieces.
An orc knight comes into view. It is wielding a +0 glaive.
The orc knight roars a battlecry!
The orc warrior goes into a battle-frenzy!
You block the orc warrior's attack.
You slice the orc warrior!! You freeze the orc warrior.
You kick the orc warrior, but do no damage.
The orc warrior is almost dead.
The orc knight is struck by your spines.
The orc knight hits you with a +0 glaive.
You block the orc warrior's attack.
An orc warrior comes into view. It is wielding a +0 halberd. x2
The orc warrior shouts!
You hear a shout!
The orc knight hits you from afar with a +0 glaive!!
The orc warrior is struck by your spines.
You kill the orc warrior!
The orc knight hits you from afar with a +0 glaive.
There is a large open door, spattered with blood here.
Things that are here:
a +0 spear; a +0 chain mail The orc warrior curses noisily.
You block the orc knight's attack.
The orc warrior hits you from afar with a +0 halberd!!
Things that are here:
a +0 spear; a +0 chain mail You closely miss the orc knight.
Your kick misses the orc knight.
The orc knight is lightly wounded.
The orc knight hits you with a +0 glaive!!
* * * LOW HITPOINT WARNING * * *
The orc warrior hits you from afar with a +0 halberd!
You die...

#...≈≈≈≈≈♣..####
##.♣..≈≈≈≈♣..#$.####
###.....≈≈≈≈...#.....
♣♣♣....♣..≈≈≈≈.♣.##...
♣♣.........≈≈≈≈....#..#
♣.........######...#.8#
♣..∩...............#..#
♣..............)).o'..#
♣...............@oo'.)#
♣..∩...............#..#
♣.........######...#.8#
♣♣......♣..≈≈≈≈....#o.#
♣♣♣...♣♣..≈≈≈≈...##..o
###.....≈≈≈≈...#.....
####..≈≈≈≈≈..#$.####
..≈≈≈≈..#### ..≈≈≈≈≈..♣


You could see an orc knight and 2 orc warriors.

Vanquished Creatures
  Maggie (D:6)
  An unseen horror zombie (D:8)
  Sigmund (D:3)
  A steam dragon (D:6)
  3 water moccasins (D:6)
  3 orc warriors
  An ice beast (D:6)
  A black bear (D:8)
  2 centaurs
  A kobold brigand (D:8)
  A phantom (D:6)
  A bullfrog (D:6)
  3 scorpions
  6 wights
  6 killer bees
  A jelly (D:5)
  A gnoll bouda (D:3)
  2 orc priests (D:5)
  6 hounds
  5 iguanas
  2 sleepcaps
  An orc wizard (D:5)
  8 gnolls
  9 adders
  A shadow imp (D:6)
  3 white imps
  A worm (D:3)
  4 dart slugs
  16 orcs
  2 ball pythons
  5 endoplasms
  2 giant cockroaches
  13 goblins
  2 hobgoblins
  4 jackals (D:1)
  5 quokkas
  2 bats (D:1)
  2 frilled lizards (D:1)
  10 kobolds
  2 rats
141 creatures vanquished.

Vanquished Creatures (others)
  5 fungi (D:5)
  4 plants (D:5)
9 creatures vanquished.

Grand Total: 150 creatures vanquished

Notes
Turn   | Place    | Note
-------+----------+-------------------------------------------
     0 | D:1      | jlumianski the Demonspawn Fighter began the quest for the
                  | Orb.
     0 | D:1      | Reached XP level 1. HP: 18/18 MP: 1/1
   346 | D:1      | Gained mutation: You have large cloven feet. [demonic
                  | ancestry]
   346 | D:1      | Reached XP level 2. HP: 23/24 MP: 2/2
   519 | D:1      | Reached skill level 2 in Axes
   698 | D:2      | Reached XP level 3. HP: 21/29 MP: 3/3
   755 | D:2      | Identified the +10 sling of Integrity {drain, Stlth+}
   964 | D:2      | Found a faded altar of an unknown god.
  1194 | D:2      | Gained mutation: You have hoof-like feet. [demonic
                  | ancestry]
  1194 | D:2      | Reached XP level 4. HP: 35/35 MP: 4/4
  1211 | D:2      | Found Tir Jim's Magic Scroll Shop.
  1216 | D:2      | Bought a scroll of teleportation for 42 gold pieces
  1216 | D:2      | Bought a scroll of identify for 28 gold pieces
  1220 | D:2      | Gained mutation: Your spells are a little harder to cast,
                  | but a little more powerful. [potion of mutation]
  1220 | D:2      | Gained mutation: Your mind is acute. (Int +4, Str/Dex -1)
                  | [potion of mutation]
  1579 | D:3      | Reached skill level 1 in Ranged Weapons
  1745 | D:3      | Reached XP level 5. HP: 27/41 MP: 2/5
  1847 | D:3      | Noticed Sigmund
  1853 | D:3      | Killed Sigmund
  1854 | D:3      | Reached skill level 1 in Stealth
  1854 | D:3      | Reached XP level 6. HP: 41/48 MP: 4/6
  2095 | D:5      | Entered Level 5 of the Dungeon
  2102 | D:4      | Found Mobaim's Lightly-Used Armoury.
  2370 | D:4      | Gained mutation: You are partially covered in sharp spines.
                  | [demonic ancestry]
  2370 | D:4      | Reached XP level 7. HP: 54/54 MP: 7/7
  2383 | D:4      | Reached skill level 1 in Dodging
  2432 | D:5      | Reached skill level 5 in Ranged Weapons
  2566 | D:5      | Found a blossoming altar of Fedhas.
  3054 | D:4      | Identified a scroll of acquirement
  3054 | D:4      | Acquired a +3 broad axe of freezing
  3097 | D:6      | Noticed a steam dragon
  3099 | D:6      | Killed a steam dragon
  3100 | D:6      | Reached XP level 8. HP: 55/61 MP: 8/8
  3123 | D:5      | Reached skill level 3 in Axes
  3333 | D:5      | Identified the +10 hand axe of Responsibility {freeze,
                  | rCorr Str+2}
  3669 | D:6      | Reached skill level 4 in Axes
  3893 | D:6      | Reached skill level 5 in Axes
  3962 | D:7      | Reached skill level 5 in Fighting
  4016 | D:6      | Reached skill level 5 in Armour
  4020 | D:6      | Noticed Maggie
  4034 | D:6      | Killed Maggie
  4035 | D:6      | Reached skill level 6 in Axes
  4035 | D:6      | Gained mutation: You are mostly covered in sharp spines.
                  | [demonic ancestry]
  4035 | D:6      | Reached XP level 9. HP: 33/68 MP: 9/9
  4354 | D:7      | Reached skill level 7 in Axes
  4430 | D:8      | Identified the +6 rapier of Big Damage {spect, Str+5 Dex-3}
  4506 | D:8      | Found a flagged portal.
  4525 | Bailey   | Entered a bailey
  4599 | Bailey   | Noticed an orc knight
  4611 | Bailey   | Mangled by an orc warrior

Illustrated notes

Levels and vault maps discovered:
D:1:      minmay_arrival_four_circles, layout_loops_ring,
          minmay_misc_feat_pillars
D:2:      layout_loops_corners, chequers_ecumenical_altar_simple_redux,
          serial_shops, shop
D:3:      layout_basic, uniq_sigmund
D:4:      layout_loops_ring, minmay_shop_damaged
D:5:      minmay_bubble_buster, layout_gridville, fedhas_altar_3,
          guppyfry_early_orc_mine
D:6:      layout_basic, uniq_maggie
D:7:      layout_gridville, minmay_temple_entry_junction_2, serial_shops,
          nicolae_inconvenience_store, nicolae_shop_trees, shop,
          nicolae_shop_hallway_plus, grunt_ministairs_2
D:8:      layout_cave_pools, enter_ossuary_5, serial_undead, serial_undead_d,
          serial_undead_c, serial_undead_d, serial_undead_b, enter_bailey_3,
          minmay_fractal_squares_gapless_5
Bailey:   bailey_polearm_elven_captive_hellmonk, bailey

Skill      XL: |  1  2  3  4  5  6  7  8  9 |
---------------+----------------------------+-----
Shields        | 3 4 |  4.5
Axes           | 2 6 7 |  7.8
Armour         | 3 4 5 6 |  6.0
Ranged Weapons | 2 3 4 5 6 |  6.2
Stealth        | 1 |  1.0
Fighting       | 4 5 |  5.6
Dodging        | 1 |  1.1
Throwing       | |  0.7

Action                     |  1- 3 |  4- 6 |  7- 9 || total
---------------------------+-------+-------+-------++-------
  Melee: War axe           |    59 |       |       ||    59
         Kick              |     6 |       |    26 ||    32
         Broad axe         |       |       |   100 ||   100
   Fire: Sling             |    20 |    82 |    40 ||   142
  Throw: Javelin           |       |       |     3 ||     3
    Use: Scroll            |       |     6 |     9 ||    15
         Potion            |       |     3 |     1 ||     4
 Armour: Scale mail        |    40 |    16 |     1 ||    57
         Plate armour      |       |       |    88 ||    88
  Dodge: Dodged            |    26 |    15 |    52 ||    93
  Block: Buckler           |     6 |       |       ||     6
         Kite shield       |    23 |    24 |    96 ||   143

Table legend: (Time is in decaauts)
 A = Elapsed time spent in this place.
 B = Non-inter-level travel time spent in this place.
 C = Inter-level travel time spent in this place.
 D = Time resting spent in this place.
 E = Time spent auto-exploring this place.
 F = Levels seen in this place.
 G = Mean time per level.
                   A        B        C        D        E       F      G
               +--------+--------+--------+--------+--------+-----+--------+
         Total |   4795 |   4705 |     90 |     51 |   3057 |   9 |  532.8 |
       Dungeon |   4707 |   4617 |     90 |     51 |   3057 |   8 |  588.4 |
        Bailey |     87 |     87 |      0 |      0 |      0 |   1 |   87.0 |
               +--------+--------+--------+--------+--------+-----+--------+

Top non-repeatable levels by time:
     D:5: 1007 daAuts
     D:2: 814 daAuts
     D:4: 810 daAuts
     D:6: 710 daAuts
     D:1: 688 daAuts
     D:3: 418 daAuts
     D:7: 139 daAuts
     D:8: 118 daAuts
  Bailey: 87 daAuts
